 Dungeon Crawl Stone Soup version 0.32-a0-131-g9dbbe29261 (webtiles) character file.

Game seed: 14986253207602994478

179 Newt the Trooper (level 5, 0/34 HPs)
             Began as a Gargoyle Fighter on Feb 8, 2024.
             Incinerated by a bombardier beetle (3 damage)
             ... with a burning spray
             ... on level 4 of the Dungeon.
             The game lasted 00:02:29 (2791 turns).

Newt the Trooper (Gargoyle Fighter)                 Turns: 2791, Time: 00:02:29

Health: 0/34       AC: 12    Str: 21    XL:     5   Next: 59%
Magic:  5/5        EV:  9    Int:  9    God:
Gold:   51         SH:  4    Dex:  9    Spells: 4/4 levels left

rFire   . . .        a - +0 flail
rCold   . . .        c - +0 buckler
rNeg    + . .        b - +0 scale mail
rPois   ∞            (no helmet)
rElec   +            d - +0 cloak {Will+}
rCorr   .            (no gloves)
SInv    .            (no boots)
Will    +....        (no amulet) Stlth
                     (no ring)
HPRegen 0.25/turn    (no ring)
MPRegen 0.09/turn

%: no passive effects
@: on fire, glowing
A: sickness immunity, AC +4, negative energy resistance 1, electricity
resistance, torment resistance 1, petrification resistance
a: no special abilities


You were on level 4 of the Dungeon.
You visited 1 branch of the dungeon, and saw 4 of its levels.

You collected 212 gold pieces.
You spent 161 gold pieces at shops.

Inventory:

Hand Weapons
 a - a +0 flail (weapon)
Missiles
 q - 14 poisoned darts (quivered)
Armour
 b - a +0 scale mail (worn)
 c - a +0 buckler (worn)
 d - a +0 cloak of willpower (worn)
 h - a +0 cloak
Jewellery
 o - a ring of protection from fire
Scrolls
 g - a scroll of torment
 i - a scroll of fog
 k - a scroll of noise
 m - a scroll of immolation
 p - a scroll of teleportation
 r - a scroll of revelation
Potions
 e - a potion of enlightenment {unknown}
 j - a potion of resistance {unknown}
 l - a potion of lignification {unknown}
 n - a potion of brilliance {unknown}


   Skills:
 + Level 4.7 Fighting
 * Level 4.7 Maces & Flails
 - Level 3.2 Armour
 - Level 3.2 Shields


You had 4 spell levels left.
You didn't know any spells.
Your spell library contained the following spells:

 Spells                   Type           Power      Damage    Failure   Level
 Sting                    Conj/Alch      0%         1d3       80%         1
 Blink                    Tloc           0%         N/A       90%         2
 Lesser Beckoning         Tloc           0%         N/A       90%         2
 Mercury Vapours          Alch/Air       0%         N/A       90%         2
 Momentum Strike          Conj/Tloc      0%         3d8       90%         2
 Olgreb's Toxic Radiance  Alch           0%         N/A       100%        4


Dungeon Overview and Level Annotations

Branches:
Dungeon (4/15)
 Temple: D:4-7

Altars:

Shops:
D:1 ?


Innate Abilities, Weirdness & Mutations

You are immune to sickness and miasma.
Your stone body is resilient. (AC +4)
You are immune to poison.
You resist negative energy. (rN+)
You are resistant to electric shocks. (rElec)
You are resistant to unholy torment.
You are immune to petrification.


Message History

The burning spray hits you.
You are even more covered in liquid fire!
You closely miss the bombardier beetle.
The bombardier beetle is lightly wounded.
The liquid fire burns you!
The bombardier beetle barely misses you.
You shake off some of the fire as you move.
The liquid fire burns you!
The bombardier beetle closely misses you.
You sock the bombardier beetle!
The bombardier beetle is severely wounded.
The liquid fire burns you!
You shake off some of the fire as you move.
The liquid fire burns you!
* * * LOW HITPOINT WARNING * * *
You block the bombardier beetle's attack.
You completely miss the bombardier beetle.
The bombardier beetle is severely wounded.
The liquid fire burns you!
* * * LOW HITPOINT WARNING * * *
The bombardier beetle sprays incendiary fluid at you.
The burning spray hits you.
You are even more covered in liquid fire!
It was a potion of curing.
You feel better. The liquid fire burns you!
* * * LOW HITPOINT WARNING * * *
You shake off some of the fire as you move.
The liquid fire burns you!
* * * LOW HITPOINT WARNING * * *
The bombardier beetle sprays incendiary fluid at you.
The burning spray hits you.
You are even more covered in liquid fire!
Unknown command.
You feel better. The liquid fire burns you!
* * * LOW HITPOINT WARNING * * *
Found an orcbow.
You shake off some of the fire as you move.
The liquid fire burns you!
You die...

### #<# ## #.# ..
#.# .# #.# )#
#######.# .#
#.......#########.#
#.......'.......@.#
#.......####....###
..####### #....# .
#.B$.......
#....###### ###+##


You could see a bombardier beetle.

Vanquished Creatures
  Crazy Yiuf (D:2)
  Natasha (thrice) (D:3)
  An adder (D:2)
  A dart slug (D:1)
  A ribbon worm (D:3)
  6 ball pythons
  4 endoplasms
  A giant cockroach (D:1)
  4 goblins
  9 hobgoblins
  8 jackals (D:3)
  2 quokkas (D:1)
  6 bats
  2 frilled lizards
  6 kobolds
  6 rats
61 creatures vanquished.

Notes
Turn   | Place    | Note
-------+----------+-------------------------------------------
     0 | D:1      | Newt the Gargoyle Fighter began the quest for the Orb.
     0 | D:1      | Reached XP level 1. HP: 14/14 MP: 1/1
   193 | D:1      | Reached XP level 2. HP: 19/19 MP: 2/2
   480 | D:1      | Reached XP level 3. HP: 24/24 MP: 3/3
   553 | D:1      | Found Fofieg's Magic Scroll Shop.
   556 | D:1      | Bought a scroll of identify for 28 gold pieces
   556 | D:1      | Bought a scroll of identify for 28 gold pieces
  1171 | D:2      | Found a runed translucent door.
  1172 | D:2      | Noticed Crazy Yiuf
  1488 | D:2      | Killed Crazy Yiuf
  1489 | D:2      | Reached XP level 4. HP: 6/29 MP: 4/4
  1685 | D:3      | Noticed Natasha
  1696 | D:3      | Killed Natasha
  1862 | D:3      | Noticed Natasha
  1876 | D:3      | Killed Natasha
  1877 | D:3      | Reached XP level 5. HP: 13/34 MP: 5/5
  2014 | D:3      | Noticed Natasha
  2022 | D:3      | Killed Natasha
  2341 | D:3      | Found a faded altar of an unknown god.
  2666 | D:1      | Bought a scroll of revelation for 105 gold pieces
  2791 | D:4      | Incinerated by a bombardier beetle

Illustrated notes

Levels and vault maps discovered:
D:1:      minmay_arrival_shattered_statue, layout_rooms, serial_shops,
          nicolae_shop_rolled_up, minmay_misc_feat_five
D:2:      layout_loops_ring, uniq_crazy_yiuf_cottage
D:3:      layout_loops_ring, hellmonk_ecumenical_altar_dog_temple, uniq_natasha
D:4:      layout_basic, uniq_grinder

Skill      XL: |  1  2  3  4 |
---------------+-------------+-----
Maces & Flails | 3 4 |  4.7
Fighting       | 4 |  4.7
Armour         | |  3.2
Shields        | |  3.2

Action                     |  1- 3 |  4- 6 || total
---------------------------+-------+-------++-------
  Melee: Flail             |   122 |    95 ||   217
    Use: Scroll            |     2 |     3 ||     5
         Potion            |     1 |     2 ||     3
 Armour: Scale mail        |   101 |    89 ||   190
  Dodge: Dodged            |    79 |    70 ||   149
  Block: Buckler           |    30 |    31 ||    61

Table legend: (Time is in decaauts)
 A = Elapsed time spent in this place.
 B = Non-inter-level travel time spent in this place.
 C = Inter-level travel time spent in this place.
 D = Time resting spent in this place.
 E = Time spent auto-exploring this place.
 F = Levels seen in this place.
 G = Mean time per level.
                   A        B        C        D        E       F      G
               +--------+--------+--------+--------+--------+-----+--------+
         Total |   2847 |   2584 |    263 |    378 |   1711 |   4 |  711.8 |
       Dungeon |   2847 |   2584 |    263 |    378 |   1711 |   4 |  711.8 |
               +--------+--------+--------+--------+--------+-----+--------+

Top non-repeatable levels by time:
     D:2: 1132 daAuts
     D:3: 1000 daAuts
     D:1: 668 daAuts
     D:4: 45 daAuts
